 Dungeon Crawl Stone Soup version 0.28-a0-474-g535839065c (webtiles) character file.

Game seed: 15521969341073437070

0 spiderkeys the Skirmisher (level 1, -9/16 HPs)
             Began as an Octopode Abyssal Knight on Sept 15, 2021.
             Was a Follower of Lugonu.
             Mangled by a hellwing (11 damage)
             ... on level 4 of the Abyss.
             The game lasted 00:01:09 (229 turns).

spiderkeys the Skirmisher (Octopode Abyssal Knight)  Turns: 229, Time: 00:01:09

Health: -9/16      AC:  1    Str: 11    XL:     1   Next: 0%
Magic:  2/2        EV: 13    Int: 14    God:    Lugonu [*.....]
Gold:   76         SH:  0    Dex: 11    Spells: 0/0 levels left

rFire   . . .      SeeInvis .   g - +1 great sword (holy)
rCold   . . .      Faith    .   (shield currently unavailable)
rNeg    . . .      Spirit   .   (helmet restricted)
rPois   .          Reflect  .   (no amulet)
rElec   .          Harm     .   (no ring)
rCorr   .          Rampage  .   (no ring)
Will    .....                   (no ring)
Stlth   ++........              (no ring)
HPRegen 0.00/turn               (no ring)
MPRegen 0.08/turn               (no ring)
                                (no ring)
                                (no ring)

@: diseased
A: almost no armour, amphibious, 8 rings, camouflage 1, gelatinous body 1,
(nimble swimmer 1), tentacles
a: Renounce Religion, Depart the Abyss


You were on level 4 of the Abyss.
You worshipped Lugonu.
Lugonu was aware of your devotion.
You visited 0 branches of the dungeon, and saw 0 of its levels.
You visited the Abyss 1 time.

You collected 76 gold pieces.


Innate Abilities, Weirdness & Mutations

You cannot wear most types of armour.
You are amphibious.
You can wear up to eight rings at the same time.
Your skin changes colour to match your surroundings (Stealth+).
Your rubbery body absorbs attacks. (AC +1, EV +1)
((You are camouflaged near water. (Stealth+)))
You have tentacles for arms and can constrict up to eight enemies at once.


   Skills:
 + Level 3.0 Fighting
 + Level 2.0 Polearms
 + Level 2.3 Dodging
 + Level 2.0 Invocations


You couldn't memorise any spells.
You didn't know any spells.
Your spell library was empty.

Inventory:

Hand Weapons
 a - a +1 spear
 g - a +1 great sword of holy wrath (weapon)
   (You found it on level 4 of the Abyss)
Missiles
 c - 18 stones
Wands
 d - a wand of polymorph (5)
   (You found it on level 2 of the Abyss)
Scrolls
 b - a scroll of amnesia {unknown}
Potions
 e - 3 potions of curing {unknown}
 f - a potion of ambrosia {unknown}

Dungeon Overview and Level Annotations

Branches:
Dungeon (0/15)

Altars:

#. ##........#
#..#...# #####
# .##..### ..≈
. . ###.#.#..#
# #
#.##...#..#
##∩ #..#..##
#.# .
....#####.##.#
.. .
..#5..#.## #.#
. ...#..@##
... ##4.## .##
....# ..
#.4#### .# #..
... ... ..#


You could see a hellwing, a chaos spawn and an iron imp.


Message History

🤖 Initializing magus.rc ...
Options error: Delay interrupt name "hungry" not recognised. (~/.crawlrc:4988) ✅ Successfully initialized magus.rc [v1.9.10] Welcome, spiderkeys the Octopode Abyssal Knight.
Will you be the one to retrieve the legendary Orb of Zot from the depths?
Lugonu says: Depart the Abyss and spread corruption, my servant! (use the ability menu to exit the Abyss) Press ? for a list of commands and other information.
Found a corrupted altar of Lugonu.
Found a gateway leading out of the Abyss.
b - a scroll labelled LYOJYJEJULL
Found a gateway leading deeper into the Abyss.
c - 18 stones
There is a gateway leading deeper into the Abyss here.
There is a gateway leading deeper into the Abyss here.
You plunge deeper into the Abyss.
Found a corrupted altar of Lugonu.
d - a wand of polymorph (5)
You now have 15 gold pieces.
A neqoxec comes into view.
Found a shadowy altar of Dithmenos.
An ancient zyme comes into view.
You feel yourself growing ill in the presence of the ancient zyme.
You feel ill.
You feel ill.
You feel ill.
You feel ill.
A raiju comes into view.
You feel ill.
You feel ill.
Found a gateway leading deeper into the Abyss.
An ancient zyme comes into view.
There is a gateway leading deeper into the Abyss here.
You feel ill.
You plunge deeper into the Abyss.
The abyssal rune of Zot can be found at this depth.
e - a glowing black potion
Found a gateway leading out of the Abyss.
A small abomination comes into view.
You now have 48 gold pieces (gained 33).
Found a gateway leading deeper into the Abyss.
f - an emerald potion
There is a gateway leading deeper into the Abyss here.
You plunge deeper into the Abyss.
The abyssal rune of Zot can be found at this depth.
Found 27 bolts, a brown potion, a glowing great sword and 26 arrows.
Found a corrupted altar of Lugonu.
You see here a +1 great sword of holy wrath.
g - a +1 great sword of holy wrath Your +1 great sword of holy wrath softly glows with a divine radiance!
g - a +1 great sword of holy wrath (weapon)
Found 28 gold pieces.
Found a gateway leading out of the Abyss.
e - 3 glowing black potions (gained 2)
You now have 76 gold pieces (gained 28).
You see here 28 gold pieces.
A hellwing comes into view.
The hellwing gives a chilling moan.
A chaos spawn comes into view.
An iron imp comes into view.
The hellwing swoops through the air toward you!
The hellwing hits you. x2 😮 HP[-6]
You take 6 damage, and now have 10/16 hp.
MASSIVE DAMAGE!! (PAUSE)
The iron imp shouts!
The chaos spawn hisses angrily.
You hit the hellwing but do no damage. Your squeeze misses the hellwing.
The hellwing hits you!
Ouch! That really hurt!
* * * LOW HITPOINT WARNING * * *
The hellwing misses you. The hellwing hits you!
Ouch! That really hurt!
You die...

Action                   || total
-------------------------++-------
Melee: Great sword       ||     1
Dodge: Dodged            ||     1

Levels and vault maps discovered:
Abyss:4:  base: Temple, evilmike_abyss_exit_10, nicolae_abyss_rune_left_handed,
          evilmike_abyss_exit_7, hangedman_abyss_theft,
          gammafunk_abyss_rune_reverse_zot

Notes
Turn   | Place    | Note
-------+----------+-------------------------------------------
     0 | Abyss:1  | spiderkeys the Octopode Abyssal Knight began the quest for
                  | the Orb.
     0 | Abyss:1  | Reached XP level 1. HP: 16/16 MP: 2/2
     0 | Abyss:1  | magus.rc [v1.9.10]
    42 | Abyss:2  | Found a corrupted altar of Lugonu.
    67 | Abyss:2  | Noticed a neqoxec
    72 | Abyss:2  | Found a shadowy altar of Dithmenos.
    83 | Abyss:2  | Noticed an ancient zyme
    97 | Abyss:2  | Noticed a raiju
   113 | Abyss:2  | Noticed an ancient zyme
   133 | Abyss:3  | Noticed a small abomination
   155 | Abyss:4  | Found a corrupted altar of Lugonu.
   183 | Abyss:4  | Noticed a tentacled starspawn
   222 | Abyss:4  | Noticed a hellwing
   226 | Abyss:4  | Noticed a chaos spawn
   228 | Abyss:4  | Noticed an iron imp
   229 | Abyss:4  | HP: 2/16 [hellwing (8)]
   229 | Abyss:4  | Mangled by a hellwing

Vanquished Creatures (others)
  2 plants (Abyss:4)
2 creatures vanquished.

Table legend:
 A = Non-vault XP
 B = Vault XP
 C = Vault XP percentage of total XP
 D = Non-vault monster count
 E = Vault monster count
 F = Vault count percentage of total count
                 A         B        C        D         E       F
            +---------+---------+-------+---------+---------+-------
      Total |       0 |       0 |   N/A |       0 |       0 |  -nan
            +---------+---------+-------+---------+---------+-------
            +---------+---------+-------+---------+---------+-------

Illustrated notes

Table legend: (Time is in decaauts)
 A = Elapsed time spent in this place.
 B = Non-inter-level travel time spent in this place.
 C = Inter-level travel time spent in this place.
 D = Time resting spent in this place.
 E = Time spent auto-exploring this place.
 F = Levels seen in this place.
 G = Mean time per level.
                   A        B        C        D        E       F      G
               +--------+--------+--------+--------+--------+-----+--------+
         Total |    227 |    227 |      0 |      0 |     26 |   4 |   56.8 |
         Abyss |    227 |    227 |      0 |      0 |     26 |   4 |   56.8 |
               +--------+--------+--------+--------+--------+-----+--------+

Top non-repeatable levels by time:
 Abyss:2: 74 daAuts
 Abyss:4: 73 daAuts
 Abyss:1: 40 daAuts
 Abyss:3: 39 daAuts
